 Dungeon Crawl Stone Soup version 0.29.0-4-gdea44cf6ec (webtiles) character file.

Game seed: 10223823612957559824

369 greasedhog the Trooper (level 6, -6/40 HPs)
             Began as a Gargoyle Fighter on Aug 27, 2022.
             Mangled by a two-headed ogre
             ... wielding a +0 giant club
              (27 damage)
             ... on level 4 of the Dungeon.
             The game lasted 00:04:23 (3647 turns).

greasedhog the Trooper (Gargoyle Fighter)           Turns: 3647, Time: 00:04:23

Health: -6/40      AC: 14    Str: 20    XL:     6   Next: 70%
Magic:  6/6        EV:  9    Int:  8    God:
Gold:   128        SH:  5    Dex: 11    Spells: 5/5 levels left

rFire   . . .      SeeInvis .   a - +1 flail
rCold   . . .      Faith    .   c - +1 buckler
rNeg    + . .      Spirit   .   b - +0 scale mail
rPois   ∞          Reflect  .   (no helmet)
rElec   +          Harm     .   e - +0 cloak
rCorr   .          Rampage  .   q - +0 pair of gloves
Will    .....                   (no boots)
Stlth   ..........              (no amulet)
HPRegen 0.13/turn               (no ring)
MPRegen 0.10/turn               (no ring)

@: mighty
A: sickness immunity, AC +4, negative energy resistance 1, electricity
resistance, torment resistance 1, petrification resistance
a: no special abilities


You were on level 4 of the Dungeon.
You visited 1 branch of the dungeon, and saw 4 of its levels.
You also visited: Sewer.

You collected 128 gold pieces.

Inventory:

Hand Weapons
 a - a +1 flail (weapon)
Armour
 b - a +0 scale mail (worn)
 c - a +1 buckler (worn)
 e - a +0 cloak (worn)
 q - a +0 pair of gloves (worn)
Scrolls
 f - a scroll of silence {unknown}
 j - a scroll of enchant weapon
 n - 2 scrolls of poison {unknown}
 p - a scroll of noise {unknown}
 r - a scroll of identify
Potions
 g - a potion of attraction {unknown}
 h - 2 potions of cancellation {unknown}
 i - a potion of lignification {unknown}
 k - 2 potions of flight {unknown}
 l - 2 potions of haste {unknown}
 m - 2 potions of mutation {unknown}
 o - a potion of heal wounds {unknown}


   Skills:
 - Level 5.1 Fighting
 * Level 5.0 Maces & Flails
 * Level 4.6 Armour
 - Level 3.2 Shields


You had 5 spell levels left.
You didn't know any spells.
Your spell library contained the following spells:

 Spells                   Type           Power      Damage    Failure   Level
 Ozocubu's Armour         Ice            0%         N/A       99%         3
 Animate Dead             Necr           0%         N/A       100%        4
 Blade Hands              Tmut           0%         N/A       100%        5
 Borgnjor's Vile Clutch   Necr/Erth      0%         N/A       100%        5
 Irradiate                Conj/Tmut      0%         3d11      100%        5
 Metabolic Englaciation   Hex/Ice        0%         N/A       100%        5
 Death Channel            Necr           0%         N/A       100%        6
 Simulacrum               Ice/Necr       0%         N/A       100%        6
 Dragon Form              Tmut           0%         N/A       100%        7


Dungeon Overview and Level Annotations

Branches:
Dungeon (4/15)              Sewer (visited)
 Temple: D:4-7

Altars:
Fedhas

Shops:
D:1 (


Innate Abilities, Weirdness & Mutations

You are immune to sickness and miasma.
Your stone body is resilient. (AC +4)
You are immune to poison.
You resist negative energy. (rN+)
You are resistant to electric shocks. (rElec)
You are resistant to unholy torment.
You are immune to petrification.


Message History

Things that are here:
a +0 dagger; 5 stones; a staff of earth You barely miss the kobold.
The kobold hits you but does no damage.
You closely miss the kobold.
The kobold hits you with a +2 vampiric short sword.
You closely miss the kobold.
The kobold hits you with a +2 vampiric short sword.
You barely miss the kobold. The kobold hits you but does no damage.
The kobold closely misses you.
You hit the kobold but do no damage. The kobold hits you but does no damage.
You barely miss the kobold. The kobold hits you but does no damage.
You barely miss the kobold. The kobold barely misses you.
You barely miss the kobold. The kobold barely misses you.
You hit the kobold.
You kill the kobold!
Things that are here:
a +2 vampiric short sword; a +0 pair of gloves
Things that are here:
a +2 vampiric short sword; a +0 pair of gloves
q - a +0 pair of gloves You start putting on your armour.
You continue putting on your +0 pair of gloves. x4
You finish putting on your +0 pair of gloves.
r - a scroll of identify A two-headed ogre comes into view.
It is wielding two +0 giant clubs.
A two-headed ogre is nearby!
Okay, then.
You feel very mighty all of a sudden.
You thump the two-headed ogre!
The two-headed ogre is lightly wounded.
The two-headed ogre hits you with a +0 giant club!!
Ouch! That really hurt!
The two-headed ogre barely misses you.
You sock the two-headed ogre!
The two-headed ogre is heavily wounded.
You hit the two-headed ogre.
The two-headed ogre is heavily wounded.
The two-headed ogre hits you with a +0 giant club!!
Ouch! That really hurt!
You die...

#####....#######..
####....#......#....
..#................
#.####.######.#....
####.####.# .. #....
#.........# . #####
#.##.###### ##.###
#..@.# ####O#
#...O..# ......###
#####. #


You could see a two-headed ogre.

Vanquished Creatures
  A kobold brigand (Sewer)
  3 vampire bats (D:3)
  A hound (D:4)
  An iguana (D:3)
  2 adders
  2 river rats (D:3)
  3 worms
  An orc (D:3)
  6 endoplasms
  9 giant cockroaches
  4 goblins
  2 quokkas
  6 ball pythons
  14 bats
  4 frilled lizards
  16 kobolds
  8 rats
83 creatures vanquished.

Vanquished Creatures (others)
  A fungus (Sewer)
  2 plants
3 creatures vanquished.

Grand Total: 86 creatures vanquished

Notes
Turn   | Place    | Note
-------+----------+-------------------------------------------
     0 | D:1      | greasedhog the Gargoyle Fighter began the quest for the
                  | Orb.
     0 | D:1      | Reached XP level 1. HP: 14/14 MP: 1/1
   370 | D:1      | Found Jucw's Weapon Boutique.
   421 | D:1      | Found a faded altar of an unknown god.
   510 | D:1      | Reached XP level 2. HP: 18/19 MP: 2/2
  1358 | D:2      | Reached XP level 3. HP: 21/24 MP: 3/3
  1811 | D:3      | Reached XP level 4. HP: 30/30 MP: 4/4
  1819 | D:3      | Reached skill level 5 in Fighting
  1819 | D:3      | Reached XP level 5. HP: 31/35 MP: 5/5
  1934 | D:3      | Found a blossoming altar of Fedhas.
  2216 | D:3      | Found a glowing drain.
  2229 | Sewer    | Entered a sewer
  2582 | Sewer    | Noticed a kobold brigand
  2605 | Sewer    | Killed a kobold brigand
  2606 | Sewer    | Reached XP level 6. HP: 19/40 MP: 6/6
  3230 | D:4      | Noticed a black bear
  3426 | D:4      | Reached skill level 5 in Maces & Flails
  3642 | D:4      | Noticed a two-headed ogre
  3647 | D:4      | Mangled by a two-headed ogre

Illustrated notes

Levels and vault maps discovered:
D:1:      heliophobic_arrival_dark_side_of_the_moon, layout_loops_ring,
          shapermc_ecumenical_altar_totnotflames, serial_shops,
          nicolae_shop_advertising_works [nicolae_subvault_shop_adworks],
          reono_crystal_passage
D:2:      layout_rooms, serial_bayou_ford_a, minmay_misc_feat_plants,
          palyth_stone_intersect
D:3:      layout_loops_cross, fedhas_altar_2, gup_sewer_entry_bubbles,
          minmay_misc_feat_chi, nrook_uturn, roderic_batcave
D:4:      layout_basic

Skill      XL: |  1  2  3  4  5  6 |
---------------+-------------------+-----
Fighting       | 4 5 |  5.1
Maces & Flails | 3 4 5 |  5.0
Armour         | 4 |  4.6
Shields        | |  3.2

Action                   |  1- 3 |  4- 6 || total
-------------------------+-------+-------++-------
Melee: Flail             |   109 |   192 ||   301
  Use: Scroll            |     4 |       ||     4
       Potion            |       |     2 ||     2
Armor: Scale mail        |    55 |   144 ||   199
Dodge: Dodged            |    56 |   124 ||   180
Block: Buckler           |    28 |    66 ||    94
